cohdb
Replays
Latest Replays
All Replays
Popular Replays
Top Player Replays
Match Explorer
How It Works
Community
CoH3 Stats
Reddit
Sign in to upload your games and track your stats! →
Sign in with Steam
Match 43284089
Unlisted
Match 43284089
Overview
Messages
Build Orders
End
Pioneer Squad
Construct Infanterie Kompanie
MG 42 Machine Gun Team
Selects Mechanized Battlegroup
Grenadier Squad
Pioneer Squad
Grenadier Squad
Construct Luftwaffe Kompanie
Flak 30 Anti-aircraft Gun Team
221 Scout Car
Jäger Squad
Support Elements
Jäger Squad
Selects Raid Package
Selects StuG Assault Group
Selects UNKNOWN (2160084)
StuG Assault Group
Medical Station
Pioneer Squad
Selects Mobile Repair Stations
Pioneer Squad
Construct Panzer Kompanie
Selects Wespe Self-propelled Artillery
Wespe Self-propelled Artillery
Selects Zeroing Artillery Barrage
Pioneer Squad
Zeroing Artillery Barrage
Sturmpanzer IV Brummbär
Serentinum ◕‿◕
OP.Elderbee-
Tok3n x Operator
TechT0nic
0
0
Comments
sign in to comment!
No comments posted yet!